 Dungeon Crawl Stone Soup version 0.27-a0-1071-ga85bd9520d (console) character file.

Game seed: 4480566000968281009

30 nht the Digger (level 3, -11/24 HPs)
             Began as a Demonspawn Earth Elementalist on Apr 24, 2021.
             Mangled by Sigmund
             ... wielding a +0 scythe
              (12 damage)
             ... on level 2 of the Dungeon.
             The game lasted 00:01:32 (1286 turns).

nht the Digger (Demonspawn Earth Elementalist)      Turns: 1286, Time: 00:01:32

Health: -11/24     AC:  2    Str:  8    XL:     3   Next: 5%
Magic:  0/6        EV: 12    Int: 17    God:
Gold:   34         SH:  0    Dex: 13    Spells: 5/6 levels left

rFire    . . .     SeeInvis .   (no weapon)
rCold    . . .     Faith    .   (no shield)
rNeg     . . .     Spirit   .   c - +0 robe
rPois    +         Reflect  .   (no helmet)
rElec    .         Harm     .   (no cloak)
rCorr    .         Rampage  .   (no gloves)
Will     .....                  (no boots)
Stlth    ++........             (no amulet)
HPRegen  0.08/turn              f - ring of poison resistance
MPRegen  0.10/turn              (no ring)

@: mighty
A: spiny 1
a: no special abilities


You were on level 2 of the Dungeon.
You visited 1 branch of the dungeon, and saw 2 of its levels.

You collected 34 gold pieces.

Inventory:

Missiles
 b - 39 stones
Armour
 c - a +0 robe (worn)
Jewellery
 f - a ring of poison resistance (left hand)
Scrolls
 a - a scroll of teleportation {unknown}
 d - a scroll of fog {unknown}
 g - a scroll of identify {unknown}
 h - a scroll of magic mapping {unknown}
Potions
 e - a potion of might


   Skills:
 - Level 1.7 Dodging
 - Level 1.7 Stealth
 - Level 2.0 Spellcasting
 - Level 0.8 Transmutations
 + Level 3.8 Earth Magic


You had 5 spell levels left.
You knew the following spells:

 Your Spells              Type           Power      Damage    Failure   Level
a - Sandblast             Erth           28%        2d8       4%          1

Your spell library contained the following spells:

 Spells                   Type           Power      Damage    Failure   Level
 Passwall                 Tmut/Erth      7%         N/A       11%         2
 Stone Arrow              Conj/Erth      16%        3d8       26%         3
 Petrify                  Tmut/Erth      9%         N/A       58%         4
 Lee's Rapid Deconstruct  Erth           7%         3d7*      73%         5


Dungeon Overview and Level Annotations

Branches:
Dungeon (2/15)

Altars:

Shops:
D:1 !(

Annotations:
D:1 dig
D:2 Sigmund


Innate Abilities, Weirdness & Mutations

You are partially covered in sharp spines.


Message History

You now have enough gold to buy a potion of curing on D:1.
You can access your shopping list by pressing '$'.
You now have 32 gold pieces (gained 6).
You now have 34 gold pieces (gained 2).
Sigmund the Dreaded comes into view.
He is wielding a +0 scythe.
Sigmund shouts!
The blast of sand misses Sigmund.
Sigmund flickers, as though insubstantial.
Sigmund casts a spell at you. The puff of flame hits you!
The blast of sand hits Sigmund!
Sigmund is moderately wounded.
A hobgoblin comes into view.
The blast of sand misses Sigmund.
The hobgoblin shouts!
Sigmund gestures at you while chanting. The magic dart hits you.
The blast of sand hits Sigmund!
Sigmund is heavily wounded.
Sigmund hits you from afar with a +0 scythe.
The blast of sand hits Sigmund.
Sigmund is severely wounded.
Sigmund gestures at you while chanting. You resist with significant effort.
The blast of sand misses Sigmund.
Sigmund completely misses you.
You are too depleted to draw on your mana recklessly!
It was a potion of might.
You feel very mighty all of a sudden. Sigmund closely misses you.
Okay, then.
The hobgoblin misses you. Sigmund casts a spell at you.
The puff of flame hits you!
* * * LOW HITPOINT WARNING * * *
You barely miss Sigmund.
Sigmund is severely wounded.
The hobgoblin hits you but does no damage.
Sigmund hits you with a +0 scythe!
Ouch! That really hurt!
You die...

█...█ █...█
██████...██████
...............
........... .......
█.g@█ █.@.█ █...█
█...█ █...█
██████...███
..█.......█
█.█.██.██.████
████.█.██.......████
█........[.........█


You could see Sigmund and a hobgoblin.

Vanquished Creatures
  An adder (D:2)
  2 ball pythons
  3 bats (D:1)
  4 endoplasms (D:1)
  A giant cockroach (D:1)
  A hobgoblin (D:1)
  A kobold (D:1)
  3 quokkas
  3 rats
19 creatures vanquished.

Notes
Turn   | Place    | Note
-------+----------+-------------------------------------------
     0 | D:1      | nht the Demonspawn Earth Elementalist began the quest for
                  | the Orb.
     0 | D:1      | Reached XP level 1. HP: 13/13 MP: 3/3
    88 | D:1      | Found Jioh's Distillery.
   154 | D:1      | Found Sesaadgh's Antique Weapon Boutique.
   286 | D:1      | Reached skill level 3 in Earth Magic
   471 | D:1      | Gained mutation: You are partially covered in sharp spines.
                  | [demonic ancestry]
   471 | D:1      | Reached XP level 2. HP: 19/19 MP: 0/5
  1224 | D:2      | Reached XP level 3. HP: 24/24 MP: 4/6
  1275 | D:2      | Noticed Sigmund
  1285 | D:2      | HP: 1/24 [Sigmund/puff of flame (8)]
  1286 | D:2      | Mangled by Sigmund

Illustrated notes

Levels and vault maps discovered:
D:1:      tarquinn_simple_flora_water_d, layout_loops_ring, serial_shops,
          shop_fountains, shop_statue, st_stairs_7, lemuel_flame_loot_1
D:2:      layout_loops_cross, uniq_jessica, uniq_sigmund

Skill      XL: |  1 |
---------------+----+-----
Earth Magic    | 3 |  3.8
Dodging        | |  1.7
Stealth        | |  1.7
Spellcasting   | |  2.0
Transmutations | |  0.8

Action                   || total
-------------------------++-------
Melee: Unarmed           ||    14
 Cast: Sandblast         ||    30
  Use: Potion            ||     1
Armor: Robe              ||     6
Dodge: Dodged            ||    11

Table legend: (Time is in decaauts)
 A = Elapsed time spent in this place.
 B = Non-inter-level travel time spent in this place.
 C = Inter-level travel time spent in this place.
 D = Time resting spent in this place.
 E = Time spent auto-exploring this place.
 F = Levels seen in this place.
 G = Mean time per level.
                   A        B        C        D        E       F      G
               +--------+--------+--------+--------+--------+-----+--------+
         Total |   1285 |   1245 |     40 |      0 |   1132 |   2 |  642.5 |
       Dungeon |   1285 |   1245 |     40 |      0 |   1132 |   2 |  642.5 |
               +--------+--------+--------+--------+--------+-----+--------+

Top non-repeatable levels by time:
     D:1: 1115 daAuts
     D:2: 169 daAuts
